 Dungeon Crawl Stone Soup version 0.29-a0-998-g1987434951 (webtiles) character file.

Game seed: 4405305705039191295

20 xian the Conjurer (level 2, 0/15 HPs)
             Began as a Tengu Conjurer on Aug 6, 2022.
             Was an Initiate of Sif Muna.
             Succumbed to an adder's poison
             ... on level 2 of the Dungeon.
             The game lasted 00:02:04 (725 turns).

xian the Conjurer (Tengu Conjurer)                   Turns: 725, Time: 00:02:04

Health: 0/15       AC:  3    Str:  7    XL:     2   Next: 79%
Magic:  6/6        EV: 12    Int: 18    God:    Sif Muna [......]
Gold:   59         SH:  0    Dex: 18    Spells: 2/5 levels left

rFire   . . .      SeeInvis .   i - +1 dagger (venom)
rCold   . . .      Faith    .   (no shield)
rNeg    . . .      Spirit   .   k - +0 leather armour
rPois   .          Reflect  .   (helmet restricted)
rElec   .          Harm     .   (no cloak)
rCorr   .          Rampage  .   (no gloves)
Will    .....                   (boots unavailable)
Stlth   ++........              c - amulet of magic regeneration
HPRegen 0.05/turn               g - +6 ring of dexterity
MPRegen 0.50/turn               (no ring)

@: lethally poisoned (0 -> -4)
A: beak, talons 3
a: Renounce Religion


You were on level 2 of the Dungeon.
You worshipped Sif Muna.
Sif Muna was noncommittal.
You visited 1 branch of the dungeon, and saw 2 of its levels.

You collected 59 gold pieces.

Inventory:

Hand Weapons
 i - a +1 dagger of venom (weapon)
Armour
 k - a +0 leather armour (worn)
Jewellery
 c - an amulet of magic regeneration (around neck)
 g - a +6 ring of dexterity (left hand)
Scrolls
 a - a scroll of teleportation {unknown}
Potions
 b - a potion of magic
 d - a potion of flight {unknown}
 e - a potion of mutation {unknown}
 f - a potion of heal wounds {unknown}
 h - a potion of brilliance {unknown}
 j - a potion of invisibility {unknown}


   Skills:
 + Level 2.4 Dodging
 + Level 2.0 Stealth
 + Level 2.1 Spellcasting
 + Level 6.0 Conjurations


You had 2 spell levels left.
You knew the following spells:

 Your Spells              Type           Power      Damage    Failure   Level
a - Magic Dart            Conj           92%        1d7       2%          1
b - Searing Ray           Conj           46%        2d6       3%          2

Your spell library contained the following spells:

 Spells                   Type           Power      Damage    Failure   Level
 Dazzling Flash           Conj/Hex       24%        N/A       24%         3
 Fulminant Prism          Conj/Hex       6%         3d7       61%         4
 Iskenderun's Mystic Bla  Conj/Tloc      12%        2d5       61%         4


Dungeon Overview and Level Annotations

Branches:
Dungeon (2/15)

Altars:
Sif Muna


Innate Abilities, Weirdness & Mutations

You have a beak for a mouth.
You have claws for feet.


Message History

The goblin shouts!
The magic dart hits the goblin.
The goblin is severely wounded.
The magic dart hits the goblin.
You kill the goblin!
Sif Muna accepts your kill.
You can't see any susceptible monsters within range! (Use Z to cast anyway.)
You can't see any susceptible monsters within range! (Use Z to cast anyway.)
You can't see any susceptible monsters within range! (Use Z to cast anyway.)
You see here 4 stones.
Done exploring.
Done exploring.
There is a stone staircase leading down here.
You climb downwards.
There is a stone staircase leading up here.
An adder comes into view.
The adder hisses angrily.
The adder barely misses you.
The magic dart hits the adder.
The adder is moderately wounded.
The adder bites you but does no damage.
The magic dart hits the adder.
The adder is heavily wounded.
The adder bites you.
You are poisoned.
The adder poisons you!
The magic dart hits the adder.
The adder is almost dead.
You feel sick. The adder bites you. The adder attacks as you move away!
The adder misses you.
You feel sick. The adder closely misses you.
The adder attacks as you move away! The adder misses you.
You feel sick.
You feel sick.
You feel sick. The adder bites you.
* * * LOW HITPOINT WARNING * * *
You are lethally poisoned!
The adder poisons you!
* * * LOW HITPOINT WARNING * * *
You feel sick.
You die...

#<# #.#
#.# #.#
#.# #.#
#.# #.#
#@# #.#
#S# #.#
#.# #.#
#.#
#.....#
#####.#


You could see an adder.

Vanquished Creatures
  3 giant cockroaches (D:1)
  4 goblins (D:1)
  3 ball pythons (D:1)
  7 bats (D:1)
  3 kobolds (D:1)
20 creatures vanquished.

Notes
Turn   | Place    | Note
-------+----------+-------------------------------------------
     0 | D:1      | xian the Tengu Conjurer began the quest for the Orb.
     0 | D:1      | Reached XP level 1. HP: 10/10 MP: 4/4
   113 | D:1      | Found a shimmering blue altar of Sif Muna.
   163 | D:1      | Became a worshipper of Sif Muna the Loreminder
   180 | D:1      | Reached XP level 2. HP: 15/15 MP: 4/6
   205 | D:1      | Learned a level 2 spell: Searing Ray
   321 | D:1      | Found a faded altar of an unknown god.
   357 | D:1      | Reached skill level 6 in Conjurations
   725 | D:2      | Succumbed to an adder's poison

Illustrated notes

Levels and vault maps discovered:
D:1:      sevenhm_arrival_forest_fort_small_3, layout_rooms,
          ebering_ecumenical_altar_abandoned, minmay_hexomino_r4
D:2:      layout_basic

Skill      XL: |  1  2 |
---------------+-------+-----
Conjurations   | 6 |  6.0
Dodging        | |  2.4
Stealth        | |  2.0
Spellcasting   | |  2.1

Action                   || total
-------------------------++-------
 Cast: Magic Dart        ||    33
Armor: Leather armour    ||     1
Dodge: Dodged            ||     4

Table legend: (Time is in decaauts)
 A = Elapsed time spent in this place.
 B = Non-inter-level travel time spent in this place.
 C = Inter-level travel time spent in this place.
 D = Time resting spent in this place.
 E = Time spent auto-exploring this place.
 F = Levels seen in this place.
 G = Mean time per level.
                   A        B        C        D        E       F      G
               +--------+--------+--------+--------+--------+-----+--------+
         Total |    722 |    696 |     26 |      0 |    525 |   2 |  361.0 |
       Dungeon |    722 |    696 |     26 |      0 |    525 |   2 |  361.0 |
               +--------+--------+--------+--------+--------+-----+--------+

Top non-repeatable levels by time:
     D:1: 699 daAuts
     D:2: 22 daAuts
